 BcadrenCrawl: Boulder Brew version 0.05.21-81-gd28e3044bd (webtiles) character file.

Game seed: 5644219343229625750, levelgen mode: deterministic

1274 theanonym the Chopper (level 8, -2/67 HPs) Minotaur Noble. Began on Sept 5, 2021. Slain by a gargoyle ... wielding a +0 morningstar of caustic ooze (5 damage) ... on level 3 of the Dungeon. The game lasted 00:09:27 (3809 turns).

theanonym the Chopper (Minotaur Noble)              Turns: 3809, Time: 00:09:27

Health: -2/67      AC: 16    Str: 22    XL:     8 ^: 977
Magic:  11/11      EV: 12    Int:  7    God:
Gold:   184        SH:  0    Dex: 14    Spells: 12/12 levels left

rFire    + . .     Vision   .   c - +0 broad axe (freeze)
rCold    + . .     Gourm    .   (no weapon)
rNeg     . . .     Faith    .   b - +1 gold dragon scales
rCorr    . . .     Spirit   .   (helmet restricted)
rPois    +         Reflect  .   (no cloak)
rElec    .         Harm     .   f - +0 pair of gloves
MR       +....                  (no boots)
Stlth    ..........             (no amulet)
HPRegen  0.32/turn              i - ring of protection from magic
MPRegen  0.21/turn              (no ring)

@: agile, hasted, very quick
A: horns, retaliatory headbutt 2
a: no special abilities


Innate Abilities, Weirdness & Mutations

You reflexively attack those that strike you in melee with your horns.


   Skills:
 + Level 4.9 Fighting
 * Level 6.9 Axes & Hammers
 + Level 4.5 Armour
 + Level 3.6 Stealth
 + Level 2.8 Spellcasting


You had 12 spell levels left.
You didn't know any spells.
Your spell library was empty.

Skill      XL: |  1  2  3  4  5  6  7 |
---------------+----------------------+-----
Axes & Hammers | 1 2 3 4 5 6 |  6.9
Stealth        | 1 2 3 |  3.6
Armour         | 1 2 3 4 |  4.5
Fighting       | 2 3 4 |  4.9
Spellcasting   | 2 |  2.8

Action                   |  1- 3 |  4- 6 |  7- 9 || total
-------------------------+-------+-------+-------++-------
Melee: Broad axe         |   104 |   156 |   140 ||   400
       Unarmed           |    93 |   128 |   112 ||   333
       Headbutt          |     3 |     8 |    17 ||    28
  Use: Scroll            |       |     2 |     1 ||     3
       Potion            |       |     2 |     3 ||     5
  Eat: Chunk             |       |     6 |     3 ||     9
       Ration            |       |       |     1 ||     1
Armor: Gold dragon scale |   166 |   144 |   128 ||   438
       Skin              |       |     7 |       ||     7
Dodge: Dodged            |    54 |    60 |    47 ||   161

Inventory:

Weapons
 c - a +0 broad axe of freezing (weapon)
Armour
 b - +1 gold dragon scales (worn)
 f - a +0 pair of gloves (worn)
Jewellery
 g - an uncursed ring of ice {rC++ rF-}
 i - a ring of protection from magic (left hand)
Scrolls
 d - a scroll of immolation
 t - 2 scrolls of teleportation
 B - 2 scrolls of blinking
Potions
 a - 2 potions of mutation
Comestibles
 e - 4 rations
 k - 3 chunks of flesh


You were on level 3 of the Dungeon.
You were not hungry.

You visited 1 branch of the dungeon, and saw 3 of its levels.
You also visited: Market.

You collected 144 gold pieces.
You spent 960 gold pieces at shops.

Dungeon Overview and Level Annotations

Branches:
Dungeon (3/8)

Altars:
Ru

#.# #..#.##......
#.######..#'##....P.
#............#....PP
#.?######....#......
#..######....##+#..†
##+#..>?........+..##..
#....?.######...##.....
#.........?.........###
#.....@a######.####..#
#......9######.####..##
#.....SZ...............
#.....#.....##)####...#
#.....#.....##.####.#.#
#......#.##..........#.#
#.#'#..#.##.###.######..
..#.#..#.##.#.....# #..
# #.....#.....#.####..


You could see a gargoyle, a friendly worker ant, a friendly adder and a friendly
adder skeleton.

Notes
Turn   | Place    | Note
-------+----------+-------------------------------------------
     0 | Start Ma | theanonym the Minotaur Noble began the quest for the Orb.
     0 | Start Ma | Reached XP level 1. HP: 16/16 MP: 1/1
     0 | Start Ma | Found Liesunk's Expert Tomes.
     0 | Start Ma | Found Ciojip's Auxillary Armour.
     7 | Start Ma | Bought +0 gold dragon scales for 800 gold pieces
    14 | Start Ma | Found Lokuhafa's Mashing MeleeMart.
    16 | Start Ma | Bought a +0 broad axe for 160 gold pieces
    34 | D:1      | theanonym set off with the following items: a +0 robe, +0
                  | gold dragon scales, a +0 broad axe, a ration
    34 | D:1      | Noticed an elephant
    34 | D:1      | Noticed a death yak
    83 | D:1      | Reached skill level 1 in Axes & Hammers
    83 | D:1      | Reached skill level 1 in Stealth
    83 | D:1      | Reached XP level 2. HP: 17/23 MP: 2/2
   216 | D:1      | Reached skill level 1 in Armour
   257 | D:1      | Reached XP level 3. HP: 25/29 MP: 3/3
   286 | D:1      | Reached skill level 2 in Fighting
   286 | D:1      | Reached skill level 2 in Axes & Hammers
   293 | D:1      | HP: 13/29 [hobgoblin/+0 club (4)]
   294 | D:1      | HP: 5/29 [kobold/cursed +4 club {(Curse: Fragile rC-)} (7)]
   304 | D:1      | HP: 5/29 [hobgoblin/+0 club (3)]
   305 | D:1      | HP: 2/29 [hobgoblin/+0 club (3)]
   484 | D:1      | Reached XP level 4. HP: 35/36 MP: 3/5
   723 | D:1      | Reached skill level 3 in Axes & Hammers
  1075 | D:2      | Noticed Eustachio
  1078 | D:2      | Noticed a big kobold
  1095 | D:1      | Killed a big kobold
  1095 | D:1      | Reached skill level 2 in Armour
  1095 | D:1      | Reached skill level 2 in Stealth
  1095 | D:1      | Reached XP level 5. HP: 42/42 MP: 6/6
  1414 | D:2      | Reached skill level 3 in Fighting
  1414 | D:2      | Reached skill level 4 in Axes & Hammers
  1414 | D:2      | Reached XP level 6. HP: 45/51 MP: 7/7
  1928 | D:2      | HP: 19/51 [crocodile (8)]
  1931 | D:2      | Reached skill level 2 in Spellcasting
  1934 | D:2      | Reached skill level 3 in Armour
  2239 | D:2      | Killed Eustachio
  2239 | D:2      | Reached skill level 5 in Axes & Hammers
  2239 | D:2      | Reached XP level 7. HP: 42/58 MP: 9/9
  2257 | D:2      | Found a sacrificial altar of Ru.
  2771 | D:3      | Reached skill level 4 in Fighting
  2818 | D:3      | Reached skill level 3 in Stealth
  2820 | D:3      | HP: 29/59 [orc/+0 trident (5)]
  3025 | D:3      | Reached skill level 6 in Axes & Hammers
  3100 | D:3      | Noticed a gargoyle
  3112 | D:3      | Reached skill level 4 in Armour
  3126 | D:3      | HP: 28/60 [something (4)]
  3133 | D:3      | HP: 27/60 [poisoned by an orc wizard (sting)]
  3141 | D:3      | HP: 28/60 [poisoned by an orc wizard (sting)]
  3156 | D:3      | HP: 22/60 [poisoned by an orc wizard (sting)]
  3163 | D:2      | HP: 21/60 [poisoned by an orc wizard (sting)]
  3383 | D:3      | Reached XP level 8. HP: 65/67 MP: 10/10
  3801 | D:3      | HP: 30/67 [gargoyle/+0 morningstar of caustic ooze (18)]
  3803 | D:3      | HP: 9/67 [acid (7)]
  3804 | D:3      | HP: 1/67 [gargoyle/stone arrow (8)]
  3809 | D:3      | Slain by a gargoyle

Vanquished Creatures
  Eustachio (D:2)
  A crocodile (D:2)
  3 big kobolds
  A jelly (D:3)
  A howler monkey (D:3)
  3 orc priests (D:3)
  2 hounds (D:3)
  8 orc wizards
  2 worker ants (D:3)
  10 giant cockroaches
  2 bullfrog skeletons (D:3)
  4 adders
  6 cinder newts
  A hound skeleton (D:3)
  A worker ant zombie (D:3)
  2 oozes
  3 dart slugs (D:1)
  An adder zombie (D:3)
  2 leopard geckos
  15 orcs (D:3)
  2 adder skeletons
  5 bats (D:1)
  5 goblins (D:1)
  7 hobgoblins (D:1)
  A quokka (D:3)
  4 ball pythons (D:2)
  2 goblin skeletons (D:2)
  A jackal skeleton (D:3)
  17 kobolds
  2 kobold skeletons (D:2)
  A leopard gecko skeleton (D:2)
  A quokka skeleton (D:3)
  9 rats
  4 withered plants (D:2)
130 creatures vanquished.

Vanquished Creatures (others)
  A hobgoblin skeleton (D:2)
  52 withered plants
53 creatures vanquished.

Grand Total: 183 creatures vanquished

Table legend:
 A = Turns spent in this place as a percentage of turns spent in the entire game.
 B = Non-inter-level travel turns spent in this place as a percentage of non-inter-level travel turns spent in the entire game.
 C = Inter-level travel turns spent in this place as a percentage of turns spent in this place.
 D = Turns resting spent in this place as a percentage of non-inter-level travel turns spent in this place.
 E = Turns spent auto-exploring this place as a percentage of non-inter-level travel turns spent in this place.
 F = Non-inter-level travel turns spent in this place divided by the number of levels of this place that you've seen.
                   A       B       C       D       E      F
               +-------+-------+-------+-------+-------+----------------------
         Total | 100.0 | 100.0 |   4.6 |  16.7 |  59.8 | 908.2
       Dungeon |  99.1 |  99.1 |   4.7 |  16.9 |  60.3 | 1199.7
        Market |   0.9 |   0.9 |   0.0 |   0.0 |   0.0 |  34.0
               +-------+-------+-------+-------+-------+----------------------
